 Dungeon Crawl Stone Soup version 0.29.1-15-g9cfb28693d (webtiles) character file.

Game seed: 14015724564867393574

3 AleXD21137 the Trooper (level 1, 0/19 HPs)
             Began as a Ghoul Monk on Apr 21, 2023.
             Slain by a jackal (1 damage)
             ... on level 1 of the Dungeon.
             The game lasted 00:01:04 (85 turns).

AleXD21137 the Trooper (Ghoul Monk)                   Turns: 85, Time: 00:01:05

Health: 0/19       AC:  2    Str: 14    XL:     1   Next: 50%
Magic:  0/0        EV: 12    Int:  5    God:
Gold:   10         SH:  0    Dex: 11    Spells: 0/0 levels left

rFire   . . .      SeeInvis .   c - +0 short sword
rCold   + . .      Faith    .   (no shield)
rNeg    + + +      Spirit   .   a - +0 robe
rPois   ∞          Reflect  .   (no helmet)
rElec   .          Harm     .   (no cloak)
rCorr   .          Rampage  .   (no gloves)
Will    .....                   (no boots)
Stlth   ++........              (no amulet)
HPRegen 0.00/turn               (no ring)
MPRegen 0.07/turn               (no ring)

@: inhibited regen
A: claws 1, cold resistance 1, negative energy resistance 3, inhibited
regeneration, torment resistance 2, devour on kill
a: no special abilities


You were on level 1 of the Dungeon.
You visited 1 branch of the dungeon, and saw 1 of its levels.

You collected 10 gold pieces.

Inventory:

Hand Weapons
 c - a +0 short sword (weapon)
Armour
 a - a +0 robe (worn)
Scrolls
 d - a scroll of magic mapping {unknown}
Potions
 b - a potion of ambrosia


   Skills:
 + Level 3.3 Fighting
 + Level 2.8 Dodging
 + Level 2.2 Stealth
 + Level 3.3 Unarmed Combat


You couldn't memorise any spells.
You didn't know any spells.
Your spell library was empty.

Dungeon Overview and Level Annotations

Branches:
Dungeon (1/15)

Altars:


Innate Abilities, Weirdness & Mutations

You are immune to poison.
You have sharp fingernails.
Your flesh is cold resistant. (rC+)
You are immune to negative energy. (rN+++)
You do not regenerate when monsters are visible.
You are immune to unholy pain and torment.
You thrive by killing the living.


Message History

You completely miss the jackal.
The jackal is heavily wounded.
The jackal bites you but does no damage.
The jackal barely misses you. The jackal bites you.
The jackal bites you but does no damage.
The jackal barks!
You hit the jackal.
You kill the jackal!
You feel better. The jackal bites you.
The jackal bites you but does no damage.
The jackal barely misses you. The jackal closely misses you.
You see here a jackal corpse.
The jackal barely misses you. The jackal bites you. The jackal bites you.
The jackal closely misses you.
The jackal bites you but does no damage.
You hit the jackal but do no damage. The jackal bites you.
The jackal closely misses you.
You closely miss the jackal. The jackal barely misses you.
The jackal bites you. x2
The jackal bites you but does no damage.
You barely miss the jackal. The jackal closely misses you.
The jackal bites you but does no damage.
The jackal barely misses you.
You closely miss the jackal. The jackal barely misses you. x2
The jackal closely misses you.
You hit the jackal.
The jackal is moderately wounded.
The jackal closely misses you. The jackal barely misses you. x2
You hit the jackal.
The jackal is severely wounded.
The jackal barely misses you. The jackal bites you. x2
* * * LOW HITPOINT WARNING * * *
You hit the jackal.
The jackal is almost dead.
The jackal barely misses you. The jackal bites you.
* * * LOW HITPOINT WARNING * * *
The jackal closely misses you.
You hit the jackal but do no damage. The jackal barely misses you.
The jackal misses you. The jackal bites you.
You die...

...#....####.......#..#
....####......#####...#
................ .....#.
.#.†.>..#...#...........
........#.#.#.###.......
..........#.#.###.......
..).......#.#...........
..........#.#..†h.......
............'..h@#+#....
.....†..#.#.#....# .
##......#.#.#....#
........#.#.#.......
........#.#........#
.....................
........#.##........##
#....#..#.###..#.....
.....+..# #


You could see 2 jackals.

Vanquished Creatures
  A jackal (D:1)
  A quokka (D:1)
  A rat (D:1)
3 creatures vanquished.

Notes
Turn   | Place    | Note
-------+----------+-------------------------------------------
     0 | D:1      | AleXD21137 the Ghoul Monk began the quest for the Orb.
     0 | D:1      | Reached XP level 1. HP: 19/19 MP: 0/0
    85 | D:1      | Slain by a jackal

Illustrated notes

Levels and vault maps discovered:
D:1:      ebering_trefoil_3fold, layout_basic, chequers_serial_rivers_large_b

Action                   || total
-------------------------++-------
Melee: Short sword       ||    15
Armor: Robe              ||     7
Dodge: Dodged            ||    24
